 Dungeon Sprint DCSS version 0.30.1-11-g7821555f0a (webtiles) character file.

Game seed: 9877371948129948375

556 Heoruswealwe the Spear-Bearer (level 7, -5/71 HPs)
             Began as a Minotaur Fighter on Dec 29, 2023.
             Was an Initiate of Gozag.
             Slain by a yak (9 damage)
             ... in the Dungeon (Sprint IX: "|||||||||||||||||||||||||||||").
             The game lasted 00:01:16 (116 turns).

Heoruswealwe the Spear-Bearer (Minotaur Fighter)     Turns: 116, Time: 00:01:17

Health: -5/71      AC: 15    Str: 22    XL:     7   Next: 8%
Magic:  6/6        EV: 10    Int:  5    God:    Gozag
Gold:   0          SH:  0    Dex: 10    Spells: 6/6 levels left

rFire   . . .        b - +2 halberd (protect)
rCold   . . .        (shield currently unavailable)
rNeg    . . .        c - +0 scale mail
rPois   .            (helmet restricted)
rElec   .            (no cloak)
rCorr   .            (no gloves)
SInv    .            (no boots)
Will    .....        (no amulet) Stlth
                     (no ring)
HPRegen 0.31/turn    (no ring)
MPRegen 0.10/turn

%: no teleportation
@: gold aura, under a protective aura
A: horns 2, retaliatory headbutt
a: Renounce Religion, Potion Petition, Call Merchant, Bribe Branch


You were in the Dungeon.
You worshipped Gozag.
Gozag was noncommittal.
You visited 1 branch

Inventory:

Hand Weapons
 a - a +0 trident
 b - a +2 halberd of protection (weapon)
Armour
 c - a +0 scale mail (worn)
 d - a +0 buckler
Jewellery
 l - a +3 ring of strength
 m - a +3 ring of strength
Wands
 h - a wand of light (10)
Scrolls
 j - 2 scrolls of blinking
Potions
 e - 5 potions of curing
 f - 3 potions of heal wounds
 g - a potion of haste
 i - a potion of berserk rage
 k - a potion of might


   Skills:
 + Level 9.9 Fighting
 * Level 13.0 Polearms
 + Level 9.9 Armour
 - Level 3.6 Shields


You had 6 spell levels left.
You didn't know any spells.
Your spell library was empty.

Dungeon Overview and Level Annotations

Branches:
Dungeon (1/1)

Altars:
Cheibriados
Dithmenos
Elyvilon
Fedhas
Gozag
Hepliaklqana
Kikubaaqudgha
Makhleb
Nemelex Xobeh
Okawaru
Qazlal
Ru
Sif Muna
Trog
Uskayaw
Vehumet
Wu Jian
Xom
Yredelemnul
Zin
The Shining One
Jiyva
Lugonu


Innate Abilities, Weirdness & Mutations

You have a pair of horns on your head.
You reflexively headbutt those who attack you in melee.


Message History

You see here 180 gold pieces.
You slash the orc warrior! Your headbutt misses the orc warrior.
The orc warrior is heavily wounded.
The orc warrior hits you with a +0 glaive!
* * * LOW HITPOINT WARNING * * *
The wraith is distracted by your dazzling golden aura.
You closely miss the orc warrior.
The orc warrior is heavily wounded.
The orc warrior hits you with a +0 glaive!
* * * LOW HITPOINT WARNING * * *
You hit the orc warrior.
The orc warrior is heavily wounded.
The orc warrior is distracted by your dazzling golden aura.
You hit the orc warrior but do no damage.
The orc warrior is no longer distracted by gold.
The orc warrior is heavily wounded.
The orc warrior hits you with a +0 glaive!
* * * LOW HITPOINT WARNING * * *
You slice the orc warrior!!
You kill the orc warrior!
You have reached level 7!
You miss something.
The wraith is no longer distracted by gold.
Something hits you but does no damage.
You puncture something! Your headbutt misses something.
Something hits you but does no damage.
You miss something. Your headbutt misses something. You hit something.
Something hits you but does no damage.
You slash something!
Reactivating autopickup.
You feel a bit more experienced.
Your Polearms skill increases to level 13!
You slash the yak! You headbutt the yak!
The yak is severely wounded.
The yak barely misses you.
You hit the yak but do no damage.
The yak is severely wounded.
The yak gores you!
You die...
Your body crumbles into a pile of gold.

$
▓?▓
$
▓)▓
$
▓.▓
▓[▓
$
▓[▓
▓[▓
$
▓.▓
▓.▓
$
▓@▓
▓Y▓
$
▓W▓
$
▓.▓
$ $
▓.▓
$
▓.▓
$
▓.▓
▓+▓


You could see a yak and a wraith.

Vanquished Creatures
  A troll (D)
  An orc warrior (D)
  A black bear (D)
  A phantom (D)
  A killer bee (D)
  An orc wizard (D)
  An ufetubus (D)
  2 orcs (D)
  An endoplasm (D)
  A hobgoblin (D)
  A kobold (D)
  A ball python (D)
  A frilled lizard (D)
14 creatures vanquished.

Notes
Turn   | Place    | Note
-------+----------+-------------------------------------------
     0 | D        | Heoruswealwe the Minotaur Fighter began the quest for the
                  | Orb.
     0 | D        | Reached XP level 1. HP: 19/19 MP: 0/0
     7 | D        | Reached skill level 3 in Polearms
    24 | D        | Noticed a phantom
    24 | D        | Noticed a black bear
    26 | D        | Reached skill level 4 in Polearms
    31 | D        | Killed a phantom
    32 | D        | Reached skill level 7 in Polearms
    32 | D        | Reached XP level 2. HP: 28/30 MP: 1/1
    32 | D        | Reached XP level 3. HP: 34/37 MP: 2/2
    32 | D        | Reached XP level 4. HP: 41/44 MP: 3/3
    38 | D        | Killed a black bear
    39 | D        | Reached skill level 9 in Polearms
    39 | D        | Reached XP level 5. HP: 32/52 MP: 4/4
    46 | D        | Found a snail-covered altar of Cheibriados.
    46 | D        | Found a shadowy altar of Dithmenos.
    46 | D        | Found a white marble altar of Elyvilon.
    46 | D        | Found a blossoming altar of Fedhas.
    46 | D        | Found an opulent altar of Gozag.
    47 | D        | Found a hazy altar of Hepliaklqana.
    48 | D        | Found a viscous altar of Jiyva.
    49 | D        | Found an ancient bone altar of Kikubaaqudgha.
    50 | D        | Found a corrupted altar of Lugonu.
    51 | D        | Found a burning altar of Makhleb.
    52 | D        | Found a sparkling altar of Nemelex Xobeh.
    53 | D        | Found an iron altar of Okawaru.
    54 | D        | Became a worshipper of Gozag Ym Sagoz the Greedy
    55 | D        | Found a stormy altar of Qazlal.
    56 | D        | Found a sacrificial altar of Ru.
    57 | D        | Found a shimmering blue altar of Sif Muna.
    58 | D        | Found a bloodstained altar of Trog.
    59 | D        | Found a hide-covered altar of Uskayaw.
    60 | D        | Found a radiant altar of Vehumet.
    61 | D        | Found an ornate altar of the Wu Jian Council.
    62 | D        | Found a shimmering altar of Xom.
    63 | D        | Found a basalt altar of Yredelemnul.
    64 | D        | Found a glowing silver altar of Zin.
    65 | D        | Found a glowing golden altar of the Shining One.
    73 | D        | Found the +7 captain's cutlass {speed, disarm}
    96 | D        | Noticed a troll
    96 | D        | Noticed an orc warrior
    96 | D        | Noticed a yak
    96 | D        | Noticed a wraith
   100 | D        | Killed a troll
   101 | D        | Reached skill level 12 in Polearms
   101 | D        | Reached XP level 6. HP: 28/63 MP: 5/5
   108 | D        | HP: 1/64 [orc warrior/+0 glaive (7)]
   109 | D        | Killed an orc warrior
   110 | D        | Reached XP level 7. HP: 2/71 MP: 6/6
   115 | D        | Reached skill level 13 in Polearms
   116 | D        | Slain by a yak

Illustrated notes

Levels and vault maps discovered:
D:        linesprint [early_d, line_temple, items_1, d_10, items_2, lair_1,
          lair_end, items_3, orc_1, orc_end, items_4, d_15, swamp_1, shoals_1,
          snake_1, spider_1, d_20, vaults_1, items_5, swamp_end, shoals_end,
          snake_end, spider_end, vaults_end, d_27, items_6, zot_1, zot_end,
          crypt_end, forest_end, elf_end, slime_end, tomb_end, abyss_end,
          pan_hell_end]

Skill      XL: |  1  2  3  4  5  6  7 |
---------------+----------------------+-----
Polearms       | 7 9 12 13 | 13.0
Fighting       | 6 7 9 |  9.9
Armour         | 6 7 9 |  9.9
Shields        | |  3.6

Action                     |  1- 3 |  4- 6 |  7- 9 || total
---------------------------+-------+-------+-------++-------
  Melee: Trident           |    17 |     9 |       ||    26
         Headbutt          |       |     2 |     1 ||     3
         Halberd           |       |    12 |     7 ||    19
 Armour: Scale mail        |     5 |    10 |     3 ||    18
  Dodge: Dodged            |     6 |     8 |     1 ||    15
  Block: Buckler           |     2 |     2 |       ||     4
